Map: Romanticide LE

Players

ForJumy

  • Race: Protoss Protoss

Stephano - Winner!

  • Race: Zerg Zerg

Event: DreamHack SC2 Masters 2021 Winter

VOD

Have the link to the VOD?

Description

Time

  • Played on: Oct. 6, 2021, 11:43 a.m.
  • Length: 27:54

All games in this series

Show
View Real Time Build Order
Export as new Build Order

ForJumy Protoss 

Build Orders: Carriers 

Get SALT Encoding   

  12  0:00  Probe  
  13  0:12  Probe  
  14  0:17  Pylon  
  14  0:24  Probe (Chrono Boost)  
  15  0:36  Probe (Chrono Boost)  
  15  0:38  Gateway  
  16  0:45  Probe (Chrono Boost)  
  16  0:47  Assimilator  
  17  0:50  Probe  
  18  1:02  Forge  
  18  1:04  Probe  
  19  1:21  Pylon  
  19  1:25  Pylon  
  19  1:26  Pylon  
  19  1:39  Photon Cannon  
  19  1:41  Pylon  
  19  1:43  Pylon  
  19  1:52  Photon Cannon  
  18  2:09  Nexus  
  18  2:20  Cybernetics Core  
  18  2:23  Probe  
  18  2:29  Zealot (Chrono Boost)  
  21  2:37  Assimilator  
  21  2:40  Probe  
  22  2:52  Probe  
  22  2:57  Stargate  
  23  2:58  Adept (Chrono Boost)  
  23  3:04  Probe  
  26  3:12  Pylon  
  26  3:15  Warp Gate  
  26  3:22  Adept  
  29  3:28  Probe (Chrono Boost)  
  29  3:29  Probe (Chrono Boost)  
  30  3:40  Probe x2 (Chrono Boost)  
  32  3:48  Void Ray  
  34  3:49  Probe x2 (Chrono Boost)  
  34  3:55  Probe  
  38  3:59  Probe  
  40  4:07  Probe  
  41  4:11  Probe  
  41  4:12  Pylon  
  42  4:19  Probe  
  42  4:23  Probe  
  44  4:29  Oracle (Chrono Boost)  
  44  4:31  Probe  
  44  4:35  Probe  
  49  4:44  Nexus  
  49  4:47  Probe, Pylon  
  50  4:55  Assimilator, Probe  
  50  4:58  Assimilator  
  51  5:01  Stargate  
  51  5:03  Probe  
  51  5:06  Shield Battery  
  52  5:08  Probe  
  52  5:10  Void Ray  
  53  5:19  Probe  
  58  5:26  Adept  
  60  5:33  Probe  
  60  5:34  Probe  
  62  5:39  Robotics Facility, Pylon  
  62  5:49  Void Ray  
  62  5:52  Protoss Air Weapons Level 1  
  62  5:55  Probe (Chrono Boost)  
  62  5:56  Probe (Chrono Boost)  
  68  5:59  Pylon  
  68  6:01  Void Ray  
  68  6:02  Probe (Chrono Boost)  
  69  6:07  Probe x2 (Chrono Boost)  
  76  6:12  Probe (Chrono Boost)  
  76  6:15  Probe x2 (Chrono Boost)  
  76  6:16  Assimilator  
  79  6:19  Probe (Chrono Boost)  
  79  6:20  Assimilator  
  79  6:23  Probe x2 (Chrono Boost)  
  79  6:24  Probe  
  81  6:30  Pylon  
  82  6:34  Void Ray, Probe x2 (Chrono Boost), Robotics Bay  
  82  6:36  Probe (Chrono Boost)  
  85  6:41  Observer  
  85  6:43  Void Ray  
  92  6:48  Probe (Chrono Boost)  
  92  6:52  Probe x2 (Chrono Boost)  
  97  6:55  Probe (Chrono Boost)  
  97  6:58  Pylon  
  98  7:01  Probe  
  98  7:05  Gateway  
  98  7:06  Gateway  
  99  7:13  Fleet Beacon  
  99  7:15  Protoss Shields Level 1  
  99  7:21  Probe x3  
  102  7:25  Disruptor (Chrono Boost)  
  102  7:29  Pylon  
  105  7:30  Void Ray  
  105  7:36  Pylon  
  109  7:41  Void Ray  
  113  7:52  Zealot  
  114  7:58  Probe  
  114  7:59  Disruptor (Chrono Boost)  
  114  8:02  Gateway  
  114  8:04  Pylon  
  100  8:07  Adept x2  
  100  8:08  Probe  
  100  8:09  Probe  
  100  8:14  Void Ray  
  100  8:17  Probe  
  100  8:18  Void Ray  
  101  8:21  Probe (Chrono Boost)  
  101  8:24  Zealot  
  88  8:28  Probe (Chrono Boost)  
  88  8:29  Probe (Chrono Boost), Disruptor (Chrono Boost)  
  88  8:38  Probe (Chrono Boost)  
  88  8:39  Probe (Chrono Boost)  
  88  8:41  Probe (Chrono Boost)  
  90  8:45  Probe (Chrono Boost)  
  90  8:47  Probe (Chrono Boost)  
  92  8:54  Probe (Chrono Boost)  
  93  8:57  Probe (Chrono Boost)  
  93  9:01  Probe (Chrono Boost)  
  93  9:02  Pylon  
  95  9:03  Probe x2 (Chrono Boost)  
  96  9:11  Probe (Chrono Boost)  
  96  9:12  Probe (Chrono Boost)  
  96  9:14  Probe (Chrono Boost)  
  98  9:22  Probe (Chrono Boost)  
  101  9:24  Probe (Chrono Boost)  
  101  9:25  Probe (Chrono Boost)  
  101  9:28  Probe (Chrono Boost)  
  101  9:29  Probe (Chrono Boost)  
  103  9:33  Probe (Chrono Boost)  
  103  9:35  Sentry  
  103  9:36  Twilight Council  
  103  9:38  Probe (Chrono Boost)  
  107  9:39  Probe (Chrono Boost)  
  107  9:44  Observer  
  107  9:45  Probe (Chrono Boost)  
  109  9:52  Pylon  
  109  10:07  Carrier (Chrono Boost), Pylon  
  109  10:10  Probe x2  
  113  10:21  Nexus  
  113  10:22  Probe (Chrono Boost)  
  113  10:26  Probe (Chrono Boost)  
  113  10:28  Probe (Chrono Boost)  
  121  10:29  Carrier (Chrono Boost), Templar Archives  
  121  10:31  Probe (Chrono Boost)  
  121  10:32  Observer  
  121  10:34  Probe (Chrono Boost)  
  121  10:35  Probe (Chrono Boost), Pylon  
  123  10:46  Probe  
  123  10:49  Gateway  
  124  10:51  Pylon  
  124  10:53  Pylon  
  124  10:59  Pylon  
  124  11:03  Nexus  
  124  11:07  Pylon  
  124  11:08  Probe  
  124  11:09  Pylon  
  131  11:11  Protoss Air Weapons Level 2 (Chrono Boost)  
  131  11:13  Carrier (Chrono Boost)  
  131  11:15  Pylon  
  131  11:17  High Templar  
  131  11:18  Assimilator, Probe, High Templar  
  135  11:19  Probe  
  135  11:20  Charge  
  135  11:21  Archon  
  135  11:24  Disruptor (Chrono Boost)  
  135  11:25  Probe  
  138  11:32  Pylon  
  141  11:34  Gateway, Probe  
  142  11:41  Shield Battery  
  142  11:46  Stargate  
  148  11:48  Carrier (Chrono Boost), Probe  
  148  11:53  Gateway  
  149  11:58  Disruptor  
  152  12:02  Gateway  
  152  12:05  Shield Battery  
  152  12:06  Observer, Probe  
  153  12:09  Assimilator  
  153  12:10  Probe  
  153  12:11  Probe  
  155  12:18  Carrier (Chrono Boost)  
  161  12:26  Probe x2  
  163  12:30  Forge  
  163  12:31  Zealot  
  163  12:32  Pylon  
  163  12:34  Observer  
  164  12:42  Probe  
  164  12:46  Probe  
  160  12:54  Nexus  
  160  12:55  High Templar x4  
  168  12:59  Carrier  
  168  13:01  Archon x2  
  168  13:04  Shield Battery  
  174  13:06  Probe x2 (Chrono Boost)  
  174  13:11  Probe (Chrono Boost)  
  177  13:15  Probe (Chrono Boost)  
  177  13:16  Probe (Chrono Boost)  
  177  13:19  Protoss Shields Level 2 (Chrono Boost), Probe (Chrono Boost)  
  180  13:21  Probe (Chrono Boost)  
  180  13:24  Probe  
  182  13:31  Carrier (Chrono Boost)  
  188  13:37  Psionic Storm  
  188  13:45  Pylon  
  188  13:47  Protoss Air Weapons Level 3 (Chrono Boost)  
  188  13:52  Probe  
  189  14:05  High Templar x2  
  189  14:07  Pylon  
  193  14:10  Photon Cannon x2  
  193  14:12  Photon Cannon  
  193  14:22  Forge  
  193  14:29  Nexus  
  193  14:31  Pylon  
  193  14:37  Pylon  
  193  14:44  Oracle  
  195  15:01  Photon Cannon  
  195  15:03  Gateway  
  195  15:09  Protoss Ground Weapons Level 1 (Chrono Boost)  
  195  15:15  Nexus  
  195  15:16  Flux Vanes  
  195  15:17  Stargate  
  195  15:18  Stargate  
  195  15:23  Pylon  
  195  15:25  Shield Battery  
  195  15:27  Shield Battery  
  195  15:29  Shield Battery  
  193  15:39  Photon Cannon x2  
  193  15:43  Photon Cannon x2  
  193  15:45  Photon Cannon  
  193  15:48  Assimilator, Shield Battery  
  193  15:49  Immortal (Chrono Boost)  
  197  15:53  Assimilator  
  197  16:01  Robotics Facility, Protoss Shields Level 3 (Chrono Boost)  
  197  16:06  Photon Cannon  
  197  16:07  Shield Battery  
  197  16:08  Probe  
  198  16:14  Probe  
  199  16:23  Pylon  
  199  16:29  Pylon  
  199  16:33  Gravitic Boosters  
  199  16:45  Photon Cannon  
  199  16:46  Photon Cannon, Gateway  
  199  16:47  Photon Cannon  
  199  16:49  Shield Battery  
  188  17:06  Immortal (Chrono Boost)  
  188  17:11  Nexus  
  188  17:13  Void Ray x2  
  188  17:14  Zealot x2  
  191  17:16  Immortal (Chrono Boost)  
  191  17:18  Void Ray, Nexus  
  195  17:25  Void Ray x2  
  169  17:38  Zealot x2  
  169  17:39  Zealot  
  125  18:10  High Templar  
  127  18:17  Probe x2  
  129  18:21  Probe  
  129  18:27  Probe  
  129  18:32  Gateway  
  127  18:34  Gateway  
  127  18:38  Gateway  
  127  18:40  Probe x2  
  129  18:45  High Templar  
  129  18:48  Observer (Chrono Boost)  
  132  18:50  Void Ray, Probe  
  132  18:53  Probe  
  134  18:59  Probe  
  134  19:01  Probe x2  
  141  19:09  Probe x2 (Chrono Boost)  
  143  19:13  Protoss Ground Armor Level 1 (Chrono Boost)  
  143  19:15  Probe (Chrono Boost)  
  144  19:19  Probe (Chrono Boost)  
  144  19:20  Twilight Council  
  144  19:21  Probe (Chrono Boost)  
  144  19:24  Probe (Chrono Boost)  
  148  19:25  High Templar  
  148  19:26  Probe x2 (Chrono Boost)  
  148  19:28  High Templar  
  148  19:29  Probe (Chrono Boost)  
  148  19:30  Void Ray  
  155  19:31  Probe (Chrono Boost)  
  161  19:39  Disruptor  
  161  19:40  Probe x2 (Chrono Boost)  
  161  19:41  Probe (Chrono Boost)  
  161  19:43  High Templar  
  161  19:45  Probe x2 (Chrono Boost)  
  169  19:51  Assimilator  
  172  19:53  Probe (Chrono Boost)  
  172  19:55  Probe (Chrono Boost)  
  172  19:56  Probe x2 (Chrono Boost)  
  172  19:57  Probe (Chrono Boost)  
  172  19:58  Pylon  
  179  20:07  Probe x2  
  179  20:08  High Templar x2  
  179  20:10  Tempest (Chrono Boost)  
  179  20:12  Archon  
  179  20:13  Probe  
  182  20:20  Probe  
  180  20:23  Carrier (Chrono Boost)  
  190  20:29  Void Ray (Chrono Boost)  
  190  20:33  Probe  
  191  20:37  Protoss Air Armor Level 1 (Chrono Boost)  
  179  20:43  Protoss Ground Weapons Level 2 (Chrono Boost)  
  179  20:48  Probe  
  174  20:50  Immortal (Chrono Boost), Assimilator  
  174  20:55  High Templar x3  
  174  20:56  Carrier (Chrono Boost)  
  184  21:00  Void Ray (Chrono Boost), Probe  
  184  21:02  Probe  
  194  21:08  Probe  
  195  21:16  Probe  
  195  21:17  Probe  
  172  21:19  Probe x2  
  172  21:20  Probe  
  172  21:23  Carrier  
  181  21:28  Probe  
  181  21:34  Probe  
  181  21:35  Probe  
  181  21:37  Probe  
  178  21:41  Probe  
  179  21:47  Probe x3  
  179  21:50  Probe  
  179  21:54  Carrier  
  189  21:58  Pylon  
  189  22:01  Immortal  
  193  22:10  Probe  
  194  22:15  Pylon  
  194  22:16  Pylon  
  194  22:22  Probe x2  
  196  22:23  Probe, Shield Battery  
  196  22:24  Photon Cannon  
  196  22:27  Shield Battery  
  197  22:35  Zealot  
  199  22:38  Probe  
  197  22:47  Zealot  
  197  22:49  Probe  
  198  22:58  Protoss Ground Weapons Level 3 (Chrono Boost)  
  198  23:00  Probe x2  
  199  23:14  Probe  
  199  23:17  Assimilator x2  
  199  23:18  Protoss Ground Armor Level 2 (Chrono Boost)  
  200  23:24  Nexus  
  200  23:40  Probe  
  200  23:41  Pylon  
  179  23:49  Probe  
  179  23:50  Probe  
  179  23:52  Void Ray (Chrono Boost)  
  179  23:54  Probe  
  169  23:59  Void Ray (Chrono Boost)  
  169  24:01  High Templar x2  
  181  24:03  Void Ray (Chrono Boost)  
  181  24:06  Gateway  
  181  24:08  Gateway  
  181  24:17  Cybernetics Core, Gateway  
  184  24:23  Oracle (Chrono Boost)  
  182  24:26  Probe  
  182  24:29  Assimilator  
  182  24:30  Assimilator  
  189  24:35  Carrier (Chrono Boost)  
  195  24:40  Probe  
  195  24:41  Carrier (Chrono Boost)  
  196  24:54  Zealot x2  
  200  25:05  Void Ray x3 (Chrono Boost)  
  188  25:09  Probe x3  
  191  25:19  Observer (Chrono Boost)  
  190  25:21  Probe  
  189  25:28  Pylon  
  189  25:34  Probe  
  187  25:38  Probe  
  187  25:45  Carrier (Chrono Boost)  
  198  25:50  Zealot  
  198  25:55  Carrier (Chrono Boost)  
  178  26:39  Probe  
  179  26:59  Nexus  
  179  27:01  Zealot x5  
Show
View Real Time Build Order
Export as new Build Order

Stephano Zerg - Winner!

Build Orders: Hatch First 

Get SALT Encoding   

  12  0:00  Drone  
  13  0:12  Overlord  
  13  0:17  Drone  
  14  0:30  Drone x2  
  16  0:48  Hatchery  
  15  0:50  Drone  
  15  0:54  Drone  
  17  0:57  Drone  
  18  1:08  Extractor  
  17  1:12  Spawning Pool  
  17  1:15  Drone  
  17  1:19  Drone  
  18  1:33  Drone  
  18  1:38  Drone  
  20  1:50  Drone  
  21  2:01  Spine Crawler  
  21  2:03  Zergling x2  
  21  2:05  Queen, Spine Crawler  
  22  2:14  Zergling x2  
  23  2:17  Zergling x2  
  23  2:18  Zergling x2  
  25  2:24  Zergling x4  
  27  2:33  Overlord  
  25  2:59  Hatchery  
  25  3:02  Drone x2  
  24  3:17  Hatchery  
  23  3:24  Metabolic Boost  
  23  3:26  Evolution Chamber  
  22  3:27  Drone  
  23  3:38  Queen  
  25  3:44  Drone  
  26  3:48  Overlord  
  26  3:54  Drone  
  27  3:55  Drone  
  27  4:02  Overlord  
  28  4:10  Zerg Melee Weapons Level 1  
  28  4:14  Drone  
  29  4:20  Zergling x2  
  29  4:24  Drone x2  
  32  4:27  Drone x2  
  34  4:35  Drone x2  
  34  4:36  Drone  
  37  4:42  Queen  
  39  4:48  Queen  
  39  4:51  Drone  
  42  4:53  Drone  
  42  4:55  Drone  
  42  4:59  Spore Crawler  
  44  5:00  Drone  
  44  5:02  Drone  
  44  5:03  Drone  
  46  5:07  Drone  
  46  5:08  Drone  
  46  5:09  Drone  
  46  5:11  Drone  
  46  5:14  Drone x2  
  51  5:16  Drone  
  51  5:18  Drone  
  54  5:23  Extractor  
  54  5:24  Spore Crawler  
  54  5:25  Drone  
  54  5:26  Drone  
  54  5:27  Drone  
  54  5:32  Drone x2  
  54  5:33  Drone x2  
  57  5:37  Spore Crawler  
  57  5:40  Overlord  
  57  5:42  Overlord  
  56  5:52  Overlord  
  56  5:57  Drone  
  56  6:00  Drone x4  
  56  6:03  Drone x2  
  63  6:06  Hatchery, Extractor  
  63  6:07  Extractor  
  63  6:09  Queen  
  63  6:10  Drone  
  63  6:14  Drone x3  
  63  6:15  Drone  
  63  6:16  Drone  
  63  6:17  Drone  
  69  6:21  Drone  
  70  6:27  Baneling Nest  
  70  6:28  Overlord  
  69  6:33  Overlord  
  69  6:35  Zergling x4  
  69  6:36  Zergling x10  
  76  6:40  Queen  
  78  6:48  Overlord  
  77  6:54  Zergling x12  
  77  7:01  Queen x2  
  87  7:15  Zergling x14, Queen  
  96  7:24  Zergling x2  
  96  7:25  Zergling x12  
  103  7:34  Baneling x16  
  103  7:35  Baneling  
  103  7:36  Queen  
  103  7:37  Queen  
  105  7:41  Zergling x2  
  105  7:42  Zergling x8  
  112  7:44  Overlord  
  112  7:51  Queen  
  110  7:55  Overlord  
  110  7:57  Overlord  
  107  8:03  Overlord  
  102  8:08  Zergling x20  
  102  8:12  Queen  
  106  8:15  Zergling x6  
  104  8:21  Zergling x8  
  100  8:34  Overlord  
  100  8:38  Lair  
  100  8:39  Zerg Ground Armor Level 1  
  96  8:42  Hatchery  
  96  8:44  Drone x3  
  98  8:51  Drone x4  
  98  8:53  Drone  
  98  8:54  Drone x3  
  105  8:58  Baneling x3  
  105  8:59  Baneling x2, Queen  
  103  9:12  Drone x3  
  103  9:13  Drone x10  
  103  9:14  Extractor  
  103  9:15  Extractor  
  109  9:18  Queen  
  109  9:22  Evolution Chamber  
  110  9:26  Extractor  
  110  9:28  Zergling x2  
  110  9:29  Zergling x8  
  114  9:35  Queen  
  116  9:39  Zergling x14  
  116  9:40  Zergling x6  
  116  9:41  Zergling x2  
  127  9:46  Infestation Pit  
  127  9:52  Zerg Melee Weapons Level 2  
  125  9:55  Zergling x10  
  131  10:10  Queen x3  
  131  10:13  Extractor  
  131  10:14  Spore Crawler, Extractor  
  133  10:15  Spore Crawler  
  133  10:16  Spore Crawler  
  133  10:17  Spore Crawler  
  127  10:23  Hatchery  
  127  10:24  Spire  
  125  10:34  Hive  
  125  10:36  Zerg Ground Armor Level 2  
  125  10:38  Pathogen Glands  
  125  10:46  Overlord  
  125  10:56  Drone x4  
  129  10:58  Drone x2  
  129  11:00  Drone  
  129  11:03  Overlord  
  132  11:05  Overlord  
  132  11:12  Overlord  
  132  11:14  Infestor x6  
  132  11:18  Centrifugal Hooks  
  141  11:34  Neural Parasite  
  141  11:37  Zerg Flyer Armor Level 1, Spore Crawler x2  
  141  11:38  Drone x3, Spire  
  141  11:39  Drone x2, Spore Crawler x3  
  139  11:40  Drone x2, Spore Crawler  
  139  11:41  Drone  
  141  11:51  Drone  
  141  11:52  Drone x4  
  146  11:55  Viper x3  
  146  11:57  Overseer x2  
  155  12:04  Baneling x3  
  155  12:05  Baneling x3  
  155  12:08  Drone x6  
  160  12:14  Extractor  
  160  12:16  Extractor  
  160  12:18  Spore Crawler  
  160  12:19  Drone x3, Spore Crawler  
  160  12:20  Drone x3  
  163  12:36  Zerg Melee Weapons Level 3, Hatchery  
  161  12:37  Adrenal Glands  
  147  12:52  Infestor  
  147  12:56  Zerg Flyer Weapons Level 1, Corruptor x3  
  147  12:57  Ultralisk Cavern  
  152  13:02  Spore Crawler x3  
  152  13:04  Spore Crawler  
  152  13:05  Spore Crawler x2  
  146  13:07  Spore Crawler  
  146  13:09  Corruptor  
  146  13:10  Corruptor  
  149  13:13  Drone x2  
  149  13:14  Drone  
  149  13:15  Spore Crawler x2  
  150  13:24  Drone  
  150  13:25  Drone x6  
  157  13:35  Spore Crawler x5  
  157  13:36  Spore Crawler  
  157  13:38  Zerg Flyer Armor Level 2  
  157  13:41  Drone x2  
  153  13:44  Chitinous Plating  
  153  14:00  Ultralisk x2  
  165  14:03  Zergling x8  
  169  14:15  Drone x6  
  169  14:16  Overlord x2  
  175  14:19  Zerg Ground Armor Level 3  
  175  14:25  Ultralisk  
  175  14:27  Pneumatized Carapace  
  175  14:28  Overseer  
  181  14:37  Zergling x2  
  181  14:38  Zergling x18  
  191  14:56  Zerg Flyer Weapons Level 2  
  191  15:02  Zergling x2  
  191  15:03  Zergling x6  
  194  15:10  Anabolic Synthesis  
  194  15:14  Drone x2  
  194  15:15  Drone x3  
  194  15:16  Spore Crawler x3  
  194  15:17  Spore Crawler  
  194  15:19  Overlord  
  195  15:23  Extractor  
  195  15:25  Extractor  
  188  15:36  Baneling x15  
  188  15:47  Spore Crawler x3  
  188  15:48  Spore Crawler  
  184  15:50  Spine Crawler  
  184  15:54  Drone  
  184  15:55  Drone x4  
  188  15:57  Spore Crawler  
  188  15:58  Spore Crawler x3  
  188  15:59  Spore Crawler  
  188  16:00  Spore Crawler  
  188  16:02  Zergling x2  
  188  16:03  Overlord  
  176  16:17  Zergling x54  
  199  16:21  Overseer  
  199  16:22  Overseer  
  199  16:32  Zerg Flyer Armor Level 3  
  199  16:42  Hatchery  
  187  17:09  Corruptor x6  
  179  17:46  Corruptor  
  179  17:47  Corruptor x9  
  193  17:57  Corruptor x3  
  185  18:18  Zergling x2  
  185  18:19  Zergling x24  
  196  18:27  Infestor  
  193  18:29  Infestor x2  
  195  18:44  Hatchery  
  194  18:52  Zerg Flyer Weapons Level 3  
  194  19:00  Hatchery  
  193  19:04  Hatchery  
  192  19:23  Spine Crawler  
  191  19:24  Drone  
  191  19:25  Drone x5, Spine Crawler  
  191  19:26  Drone x3  
  191  19:27  Spine Crawler  
  198  19:42  Baneling x13  
  190  20:19  Zergling x28  
  192  20:50  Zergling x14  
  199  21:09  Overseer  
  199  21:10  Overseer x2  
  197  21:28  Unknown  
  186  21:36  Ultralisk  
  186  21:37  Ultralisk  
  186  21:38  Zergling x36  
  199  22:41  Spore Crawler x2  
  199  22:42  Spore Crawler  
  196  22:49  Drone x3  
  193  23:17  Drone x6  
  199  23:21  Spine Crawler  
  194  23:51  Ultralisk  
  193  23:58  Hatchery  
  193  24:00  Zergling x2  
  193  24:01  Zergling x12  
  199  24:34  Spore Crawler  
  199  24:35  Spore Crawler x3  
  199  24:37  Spore Crawler  
  194  24:38  Spore Crawler  
  194  24:39  Spore Crawler  
  194  24:40  Spore Crawler  
  194  24:42  Baneling  
  194  24:43  Baneling x11  
  185  25:11  Zergling x10  
  185  25:13  Spine Crawler  
  189  25:14  Spine Crawler  
  189  25:17  Infestor x2  
  192  25:28  Spore Crawler x3  
  189  25:41  Spore Crawler x3  
  189  25:42  Spore Crawler  
  183  25:45  Spore Crawler  
  182  25:59  Extractor  
  182  26:01  Baneling x18, Zergling x16  
  182  26:02  Zergling x44  
  187  26:36  Drone x2  
  189  26:45  Drone x2  
  189  26:46  Drone x4  
  195  26:51  Spore Crawler  
  194  26:56  Hatchery  
  194  26:58  Spore Crawler  
  194  26:59  Corruptor x4  
  194  27:01  Spore Crawler  
  198  27:02  Spore Crawler  
  198  27:07  Spore Crawler  

Tags
 
Add a new tag
Caveats
  • Supply blocks, unpowered buildings, or Contaminate may cause inaccurate times.
  • Supply counts are checked every 10 seconds.